 Dungeon Crawl Stone Soup version 0.28-a0-1412-gf95308ed99 (webtiles) character file.

Game seed: 9900830635800435200

980 lonewolfV2 the Twirler (level 7, 0/54 HPs)
             Began as a Demonspawn Gladiator on Jan 6, 2022.
             Slain by an orc warrior (9 damage)
             ... on level 6 of the Dungeon.
             The game lasted 00:08:57 (5543 turns).

lonewolfV2 the Twirler (Demonspawn Gladiator)       Turns: 5543, Time: 00:08:57

Health: 0/54       AC:  5    Str: 16    XL:     7   Next: 96%
Magic:  13/13      EV: 13    Int: 21    God:
Gold:   209        SH:  0    Dex: 15    Spells: 6/6 levels left

rFire   . . .      SeeInvis .   f - +6 Majin-Bo {vamp, MP+6 Int+6}
rCold   + . .      Faith    .   (shield currently unavailable)
rNeg    . . .      Spirit   .   b - +0 leather armour
rPois   .          Reflect  .   c - +0 helmet
rElec   .          Harm     .   (no cloak)
rCorr   .          Rampage  .   (no gloves)
Will    .....                   (no boots)
Stlth   ++........              (no amulet)
HPRegen 0.18/turn               k - ring of protection from cold
MPRegen 0.13/turn               q - +6 ring of intelligence

@: no status effects
A: rugged brown scales 1, demonic guardian 1, demonic touch 2
a: no special abilities


You were on level 6 of the Dungeon.
You visited 1 branch of the dungeon, and saw 6 of its levels.

You collected 209 gold pieces.

Inventory:

Hand Weapons
 a - a +0 trident
 e - a +4 spectral lajatang
 f - the +6 Majin-Bo (weapon) {vamp, MP+6 Int+6}
   (You found it on level 3 of the Dungeon)

   It occasionally heals its wielder for a portion of the damage dealt when they
   wound a living foe with it or with a spell.
   Its wielder's spells cost health as well as magical power.
   Int:       It affects your intelligence (+6).
   MP:        It affects your magic capacity (+6).
 j - the +3 spear "Hydrabane" {vorpal, rElec rPois}
   (You found it on level 3 of the Dungeon)

   It inflicts extra damage upon your enemies.
   rElec:     It insulates you from electricity.
   rPois:     It protects you from poison.
Missiles
 d - 3 throwing nets (quivered)
Armour
 b - a +0 leather armour (worn)
 c - a +0 helmet (worn)
Jewellery
 k - a ring of protection from cold (left hand)
 q - a +6 ring of intelligence (right hand)
Wands
 l - a wand of charming (11)
 o - a wand of mindburst (2)
Potions
 g - a potion of mutation {unknown}
 i - 2 potions of haste
 m - a potion of berserk rage {unknown}
 n - a potion of resistance {unknown}
 p - a potion of lignification {unknown}
 r - a potion of invisibility {unknown}
 s - a potion of attraction {unknown}
 t - a potion of brilliance {unknown}
 u - a potion of ambrosia {unknown}


   Skills:
 + Level 3.9 Fighting
 + Level 3.1(4.6) Polearms
 + Level 5.3(5.7) Staves
 + Level 1.8 Throwing
 + Level 3.5 Armour
 + Level 3.7 Dodging
 + Level 2.2 Stealth


You had 6 spell levels left.
You didn't know any spells.
Your spell library contained the following spells:

 Spells                   Type           Power      Damage    Failure   Level
 Ignite Poison            Fire/Tmut/Pois 0%         N/A       54%         3
 Mephitic Cloud           Conj/Pois/Air  0%         N/A       54%         3
 Freezing Cloud           Conj/Ice/Air   0%         6-21      99%         5


Dungeon Overview and Level Annotations

Branches:
Dungeon (6/15)
 Temple: D:4-7

Altars:

Annotations:
D:5 3 runed translucent doors, Shayle's ghost, amateur FeAE


Innate Abilities, Weirdness & Mutations

You are partially covered in rugged brown scales. (AC +1, +3% HP)
A weak demonic guardian rushes to your aid.
Your touch may inflict irresistible damage on your foes.


Message History

You sock the howler monkey skeleton!
You destroy the howler monkey skeleton!
Found an escape hatch in the floor.
You now have 209 gold pieces (gained 18).
There is an escape hatch in the floor here. 3 orcs and an orc warrior come into view.
There are monsters nearby!
The orc shouts! x2; The orc warrior shouts!
The orc shouts!
The orc barely misses you.
You sock the orc!
You kill the orc!
You hit the orc warrior.
The orc warrior is lightly wounded.
You sock the orc warrior!
The orc warrior is heavily wounded.
The orc warrior hits you with a +0 mace.
You hit the orc warrior.
You feel better.
The orc warrior is heavily wounded.
The orc warrior hits you with a +0 mace!
You completely miss the orc warrior.
The orc warrior is heavily wounded.
The orc warrior hits you with a +0 mace!
A demonic guardian appears!
The orc warrior hits you with a +0 mace!
You closely miss the orc warrior.
The orc warrior is heavily wounded.
The orc warrior hits you with a +0 mace.
You sock the orc warrior!
You feel better.
The orc warrior is almost dead.
The orc warrior hits you with a +0 mace!
* * * LOW HITPOINT WARNING * * *
You feel better.
The orc warrior hits you with a +0 mace!
* * * LOW HITPOINT WARNING * * *
A demonic guardian appears!
Okay, then.
As you read the scroll labelled SIOTIC SYESKIR, it crumbles to dust.
The scroll dissolves into smoke.
It was a scroll of fog.
The orc warrior hits you with a +0 mace!
You die...

.##...#.#
.###...########
..............#
####...######.#####
##########.##..
#.......#.##.#
#.......#.##§####
#####.......#.§55§§.#
....#.......####@##.#
..#.#..(....# #o#
#.#.#.......#


#oo ..#.#.......# #... ..#.##.###### #.#.. ....##.# #...## ..####.###### #..##
............# #.. .####..####.# You could see an orc warrior (ally target), 2
orcs and 2 friendly ufetubi.

Vanquished Creatures
  Grinder (D:6)
  Menkaure (D:6)
  An ogre (D:6)
  A phantom (D:5)
  2 scorpions
  A howler monkey (D:5)
  2 centaur zombies (D:5)
  5 hounds
  An iguana (D:5)
  2 hound skeletons
  A howler monkey skeleton (D:6)
  3 adders
  An ufetubus (D:6)
  2 dart slugs
  5 orcs
  8 ball pythons
  3 endoplasms
  A giant cockroach (D:1)
  4 goblins
  3 hobgoblins
  3 quokkas
  3 bats
  2 frilled lizards (D:1)
  9 kobolds
  3 rats
68 creatures vanquished.

Notes
Turn   | Place    | Note
-------+----------+-------------------------------------------
     0 | D:1      | lonewolfV2 the Demonspawn Gladiator began the quest for the
                  | Orb.
     0 | D:1      | Reached XP level 1. HP: 16/16 MP: 1/1
   384 | D:1      | Gained mutation: You are partially covered in rugged brown
                  | scales. (AC +1, +3% HP) [demonic ancestry]
   384 | D:1      | Reached XP level 2. HP: 10/22 MP: 2/2
   387 | D:1      | Identified a scroll of acquirement
   387 | D:1      | Acquired a +4 spectral lajatang
  1350 | D:2      | Reached skill level 1 in Staves
  1350 | D:2      | Gained mutation: Your touch may inflict minor irresistible
                  | damage on your foes. [demonic ancestry]
  1350 | D:2      | Reached XP level 3. HP: 23/27 MP: 3/3
  1691 | D:2      | Found a faded altar of an unknown god.
  2222 | D:3      | Identified the +3 spear "Hydrabane" {vorpal, rElec rPois}
  2437 | D:3      | Found the +6 Majin-Bo {vamp, MP+6 Int+6}
  2815 | D:4      | Reached skill level 1 in Armour
  2897 | D:4      | Gained mutation: Your touch may inflict irresistible damage
                  | on your foes. [demonic ancestry]
  2897 | D:4      | Reached XP level 4. HP: 32/35 MP: 4/4
  3006 | D:4      | Noticed a scorpion
  3013 | D:4      | Killed a scorpion
  3014 | D:4      | Reached skill level 2 in Staves
  3014 | D:4      | Reached skill level 1 in Stealth
  3014 | D:4      | Reached XP level 5. HP: 36/40 MP: 5/5
  3709 | D:5      | Entered Level 5 of the Dungeon
  3807 | D:5      | Reached skill level 3 in Staves
  4036 | D:5      | Found a runed translucent gate.
  4036 | D:5      | Found a runed translucent gate.
  4037 | D:5      | Found a runed translucent gate.
  4037 | D:5      | Noticed Shayle's ghost (amateur FeAE)
  4050 | D:5      | Reached XP level 6. HP: 41/47 MP: 6/6
  4357 | D:5      | Reached skill level 4 in Staves
  4620 | D:5      | Gained mutation: A weak demonic guardian rushes to your
                  | aid. [demonic ancestry]
  4620 | D:5      | Reached XP level 7. HP: 36/53 MP: 7/7
  5167 | D:6      | Noticed Menkaure
  5175 | D:6      | Killed Menkaure
  5288 | D:6      | Noticed Grinder
  5292 | D:6      | Paralysed by Grinder for 3 turns
  5299 | D:6      | Paralysed by Grinder for 4 turns
  5307 | D:6      | Killed Grinder
  5308 | D:6      | Reached skill level 5 in Staves
  5543 | D:6      | Slain by an orc warrior

Illustrated notes

Levels and vault maps discovered:
D:1:      dpeg_arrival_yet_another_circle, layout_loops_corners
D:2:      layout_loops_ring, dreamdust_ecumenical_altar_hidden_monk_grotto
D:3:      layout_basic
D:4:      layout_basic
D:5:      layout_loops_corners, gammafunk_ghost_nasty_kobolds
D:6:      lemuel_ratsnest, layout_loops_cross, minmay_temple_entry_poolview,
          uniq_grinder, uniq_menkaure

Skill      XL: |  1  2  3  4  5  6  7 |
---------------+----------------------+-----
Polearms       | 3 |  3.1
Staves         | 1 2 3 4 5 |  5.3
Dodging        | 3 |  3.7
Armour         | 1 2 3 |  3.5
Stealth        | 1 2 |  2.2
Fighting       | 3 |  3.9
Throwing       | |  1.8

Action                   |  1- 3 |  4- 6 |  7- 9 || total
-------------------------+-------+-------+-------++-------
Melee: Trident           |    25 |       |       ||    25
       Lajatang          |    40 |       |       ||    40
       Quarterstaff      |    20 |    67 |    43 ||   130
  Use: Scroll            |     7 |       |     1 ||     8
       Potion            |       |       |     1 ||     1
 Stab: Sleeping          |     1 |     1 |       ||     2
Armor: Leather armour    |    25 |    24 |    13 ||    62
Dodge: Dodged            |    47 |    48 |    25 ||   120

Table legend: (Time is in decaauts)
 A = Elapsed time spent in this place.
 B = Non-inter-level travel time spent in this place.
 C = Inter-level travel time spent in this place.
 D = Time resting spent in this place.
 E = Time spent auto-exploring this place.
 F = Levels seen in this place.
 G = Mean time per level.
                   A        B        C        D        E       F      G
               +--------+--------+--------+--------+--------+-----+--------+
         Total |   5567 |   5388 |    179 |      0 |   4630 |   6 |  927.8 |
       Dungeon |   5567 |   5388 |    179 |      0 |   4630 |   6 |  927.8 |
               +--------+--------+--------+--------+--------+-----+--------+

Top non-repeatable levels by time:
     D:5: 1403 daAuts
     D:1: 1154 daAuts
     D:4: 930 daAuts
     D:3: 921 daAuts
     D:2: 722 daAuts
     D:6: 435 daAuts
